 Dungeon Crawl Stone Soup version 0.23.0-28-g6fe0f4d (webtiles) character file.

Game seed: 11405197839965012742

32 Semilg the Shooter (level 3, -1/35 HPs)
             Began as a Troll Hunter on Feb 25, 2019.
             Slain by Robin
             ... wielding a +0 spear
              (3 damage)
             ... on level 2 of the Dungeon.
             The game lasted 00:06:25 (1093 turns).

Semilg the Shooter (Troll Hunter)                   Turns: 1093, Time: 00:06:28

Health: -1/35      AC:  6    Str: 21    XL:     3   Next: 10%
Magic:  2/2        EV: 10    Int:  7    God:
Gold:   54         SH:  0    Dex: 10    Spells: 2/2 levels left

rFire    . . .     SeeInvis .   a - +1 shortbow
rCold    . . .     Gourm    +   (shield currently unavailable)
rNeg     . . .     Faith    .   c - +0 robe
rPois    +         Spirit   .   (helmet restricted)
rElec    .         Reflect  .   (no cloak)
rCorr    .         Harm     .   (gloves unavailable)
MR       .....                  (boots unavailable)
Stlth    +.........             (no amulet)
HPRegen  0.51/turn              n - ring of poison resistance
MPRegen  0.08/turn              (no ring)

@: no status effects
A: large, unfitting armour, claws 3, fast metabolism 3, gourmand, regeneration
1, shaggy fur 1, tough skin 3
a: no special abilities


You were on level 2 of the Dungeon.
You were full.

You visited 1 branch of the dungeon, and saw 2 of its levels.

You collected 54 gold pieces.

Inventory:

Hand Weapons
 a - a +1 shortbow (weapon)
 b - a +0 short sword
 o - a +0 mace
Missiles
 d - 10 arrows (quivered)
 j - 17 poisoned needles
 k - 36 stones
Armour
 c - a +0 robe (worn)
 h - a +0 pair of gloves
Jewellery
 n - a ring of poison resistance (left claw)
Scrolls
 g - 2 scrolls of identify
 i - a scroll of fog {unknown}
 l - a scroll of magic mapping {unknown}
 q - a scroll of blinking {unknown}
 r - a scroll of random uselessness {unknown}
Potions
 e - a potion of haste
 m - a potion of mutation {unknown}
Comestibles
 f - a ration


   Skills:
 + Level 1.8 Fighting
 + Level 3.2 Bows
 + Level 1.8 Dodging
 + Level 0.3 Stealth


You had 2 spell levels left.
You didn't know any spells.
Your spell library was empty.

Dungeon Overview and Level Annotations

Branches:
Dungeon (2/15)

Altars:

Annotations:
D:2 Robin


Innate Abilities, Weirdness & Mutations

You are too large for most types of armour.
You have claws for hands.
Your metabolism is lightning-fast.
You like to eat raw meat.
Your natural rate of healing is unusually fast.
You are covered in fur. (AC +1)
You have extremely tough skin. (AC +3)


Message History

The goblin hits you but does no damage.
Firing (i - inventory. (/) - cycle)
d - 12 arrows (quivered)
Press: ? - help, Shift-Dir - straight line, f/p - goblin
Aim: a goblin, wielding a +0 club (moderately wounded, unusually strong)
You shoot an arrow. The arrow barely misses the goblin.
Robin hits you from afar with a +0 spear.
* * * LOW HITPOINT WARNING * * *
The goblin barely misses you. The goblin hits you but does no damage.
The hobgoblin misses you. The goblin hits you but does no damage.
Firing (i - inventory. (/) - cycle)
d - 11 arrows (quivered)
Press: ? - help, Shift-Dir - straight line, f/p - goblin
Aim: a goblin, wielding a +0 club (moderately wounded, unusually strong)
You shoot an arrow. The arrow hits the goblin.
You kill the goblin!
The goblin hits you with a +0 dagger.
* * * LOW HITPOINT WARNING * * *
The goblin closely misses you.
The hobgoblin hits you but does no damage.
Robin hits you from afar with a +0 spear.
You die...

###### .....# ####.#
####)########.######
.........(.....)@gg#
.###.##########g#gg#
#.# ## g.# .###.#
(.# .....# ..#
.###.######## (.#
#.)......# ..#
#.######.# ..( ...#


You could see Robin, a hobgoblin and 4 goblins.

Vanquished Creatures
  2 leopard geckos (D:1)
  3 giant cockroaches (D:1)
  5 goblins
  6 hobgoblins
  4 jackals (D:1)
  A kobold (D:1)
  A frilled lizard (D:1)
  3 rats (D:1)
25 creatures vanquished.

Notes
Turn   | Place    | Note
-------+----------+-------------------------------------------
     0 | D:1      | Semilg the Troll Hunter began the quest for the Orb.
     0 | D:1      | Reached XP level 1. HP: 19/19 MP: 0/0
    68 | D:1      | Reached skill level 3 in Bows
   110 | D:1      | Reached XP level 2. HP: 24/27 MP: 1/1
  1075 | D:2      | Noticed Robin
  1079 | D:2      | Reached XP level 3. HP: 35/35 MP: 2/2
  1093 | D:2      | Slain by Robin

Skill      XL: |  1 |
---------------+----+-----
Bows           | 3 |  3.2
Fighting       | |  1.8
Dodging        | |  1.8
Stealth        | |  0.3

Action                   || total
-------------------------++-------
 Fire: Shortbow          ||    76
  Use: Scroll            ||     1
  Eat: Chunk             ||     5
       Ration            ||     2
Armor: Robe              ||    51
Dodge: Dodged            ||    76
